 Dungeon Crawl Stone Soup version 0.25-a0-578-gc91f01c39c (webtiles) character file.

Game seed: 185078336081166181, levelgen mode: deterministic

1800 Amnesiac the Thrower (level 8, -12/80 HPs)
             Began as a Troll Hunter on Mar 7, 2020.
             Was a Priest of Okawaru.
             Mangled by an orc warrior
             ... wielding a +0 dire flail
              (22 damage)
             ... on level 7 of the Dungeon.
             The game lasted 00:08:09 (5226 turns).

Amnesiac the Thrower (Troll Hunter)                 Turns: 5226, Time: 00:08:10

Health: -12/80     AC:  7    Str: 23    XL:     8   Next: 83%
Magic:  19/19      EV: 10    Int:  7    God:    Okawaru [***...]
Gold:   370        SH:  0    Dex: 10    Spells: 7/7 levels left

rFire    . . .     SeeInvis .   b - +1 whip (elec)
rCold    + . .     Gourm    +   (no shield)
rNeg     . . .     Faith    .   y - +0 animal skin
rPois    .         Spirit   .   (helmet restricted)
rElec    .         Reflect  .   a - +0 cloak
rCorr    .         Harm     .   (gloves unavailable)
MR       .....                  (boots unavailable)
Stlth    +.........             (no amulet)
HPRegen  0.63/turn              l - ring of magical power
MPRegen  0.16/turn              g - ring of protection from cold

@: no status effects
A: large, unfitting armour, claws 3, fast metabolism 3, gourmand, regeneration
1, shaggy fur 1, tough skin 3
a: Heroism, Renounce Religion


You were on level 7 of the Dungeon.
You worshipped Okawaru.
Okawaru was most pleased with you.
You were not hungry.

You visited 1 branch of the dungeon, and saw 7 of its levels.

You collected 370 gold pieces.

Inventory:

Hand Weapons
 b - a +1 whip of electrocution (weapon)
Missiles
 c - 4 large rocks
 d - 2 throwing nets
 q - 77 sling bullets
 r - 170 stones (quivered)
 z - 20 poisoned darts
Armour
 a - a +0 cloak (worn)
 y - a +0 animal skin (worn)
Jewellery
 g - a ring of protection from cold (right claw)
 l - a ring of magical power (left claw)
Wands
 E - a wand of random effects (23)
Scrolls
 e - 3 scrolls of noise {!r, unknown}
 h - 3 scrolls of teleportation {!r}
 m - 2 scrolls of fear {!r}
 n - a scroll of immolation {!r, unknown}
 s - a scroll of remove curse {!r}
 w - a scroll of magic mapping {!r}
 x - 7 scrolls of identify {!r}
Potions
 i - a potion of flight {!q}
 j - 4 potions of brilliance {!q, unknown}
 k - 3 potions of berserk rage {!q, unknown}
 o - 2 potions of magic {!q, unknown}
 p - a potion of heal wounds {!q}
 t - a potion of ambrosia {!q, unknown}
 u - a potion of cancellation {!q, unknown}
 v - a potion of lignification {!q, unknown}
 A - a potion of stabbing {!q, unknown}
 B - a potion of degeneration {!q, unknown}
 C - 2 potions of curing {!q, unknown}
 D - a potion of resistance {!q, unknown}
Comestibles
 f - 15 rations


   Skills:
 + Level 5.1 Fighting
 * Level 8.5 Throwing
 - Level 1.5 Dodging
 - Level 0.3 Stealth
 + Level 4.2 Invocations
 + Level 0.6 Evocations


You had 7 spell levels left.
You didn't know any spells.
Your spell library was empty.

Dungeon Overview and Level Annotations

Branches:
Dungeon (7/15)             Temple (0/1) D:7

Altars:
Fedhas
Okawaru
Trog

Annotations:
D:4 1 exclusion


Innate Abilities, Weirdness & Mutations

You are too large for most types of armour.
You have claws for hands.
Your metabolism is lightning-fast.
You like to eat raw meat.
Your natural rate of healing is unusually fast.
You are covered in fur. (AC +1)
You have extremely tough skin. (AC +3)


Message History

Okawaru will now gift you ammunition as you gain piety.
The orc priest hits you with a +0 flail.
You hit the orc priest.
The orc priest is lightly wounded.
The orc priest calls down the wrath of Beogh upon you.
Beogh smites you!
You whack the orc priest!
The orc priest is heavily wounded.
The orc priest barely misses you.
You barely miss the orc priest.
The orc priest is heavily wounded.
The orc priest hits you with a +0 flail!
You barely miss the orc priest.
The orc priest is heavily wounded.
The orc priest hits you with a +0 flail.
You hit the orc priest.
The orc priest is severely wounded.
The orc priest barely misses you.
You barely miss the orc priest.
The orc priest is severely wounded.
The orc priest looks satisfied for a moment.
You hit the orc priest.
You kill the orc priest!
Okawaru accepts your kill.
Your life force feels restored.
No target in view!
No target in view!
You start resting.
An orc warrior comes into view. It is wielding a +0 dire flail.
An orc warrior is nearby!
The orc warrior shouts!
You hit the orc warrior but do no damage.
The orc warrior hits you with a +0 dire flail.
You hit the orc warrior.
The orc warrior is lightly wounded.
The orc warrior hits you with a +0 dire flail!
You barely miss the orc warrior.
The orc warrior is lightly wounded.
The orc warrior barely misses you.
You barely miss the orc warrior.
The orc warrior is lightly wounded.
The orc warrior hits you with a +0 dire flail!
You closely miss the orc warrior.
The orc warrior is lightly wounded.
The orc warrior misses you.
You hit the orc warrior.
Lightning courses through the orc warrior!!
The orc warrior is severely wounded.
The orc warrior hits you with a +0 dire flail!
* * * LOW HITPOINT WARNING * * *
You barely miss the orc warrior.
The orc warrior is severely wounded.
The orc warrior hits you with a +0 dire flail!!
* * * LOW HITPOINT WARNING * * *
You are too injured to fight recklessly!
You are too injured to fight recklessly!
You are too injured to fight recklessly!
You hit the orc warrior.
The orc warrior is almost dead.
The orc warrior closely misses you.
You barely miss the orc warrior.
The orc warrior is almost dead.
The orc warrior hits you with a +0 dire flail!!
You die...

......)..# ##...#####
##.## .# .o #...# .##. ..
#...# #.##.##.# #...#
##.##.##o
##...####.^......## ..
..........###..##o###....
...............)@........
...<......###..##.###...
.#...#.##........##
.#...#.##(.....#.#
#...#.###.##.##.# #...#.#
#.##.##.# ##.##.#
#.##.##.# ..# #.......#
## ####.###.


You could see an orc warrior.

Vanquished Creatures
  Grinder (D:5)
  3 phantoms
  2 ice beasts
  A black bear (D:6)
  An ogre (D:4)
  Blork the orc (D:4)
  A scorpion (D:5)
  3 wights (D:6)
  2 howler monkeys (D:6)
  3 crimson imps
  3 jellies
  3 hounds
  Crazy Yiuf (D:6)
  3 orc priests (D:7)
  An orc wizard (D:4)
  Jessica (D:2)
  Terence (D:2)
  A hound skeleton (D:3)
  8 adders
  A shadow imp (D:6)
  2 oozes
  2 worms
  2 dart slugs (D:1)
  5 leopard geckos
  8 orcs
  4 giant cockroaches
  7 goblins
  4 hobgoblins
  4 jackals (D:2)
  6 kobolds
  4 quokkas
  4 ball pythons
  6 bats
  8 frilled lizards
  11 rats
118 creatures vanquished.

Notes
Turn   | Place    | Note
-------+----------+-------------------------------------------
     0 | D:1      | Amnesiac the Troll Hunter began the quest for the Orb.
     0 | D:1      | Reached XP level 1. HP: 19/19 MP: 0/0
   226 | D:1      | Reached XP level 2. HP: 24/28 MP: 1/1
   228 | D:1      | Reached skill level 4 in Throwing
   826 | D:2      | Reached XP level 3. HP: 35/35 MP: 2/2
   989 | D:2      | Noticed Jessica
   998 | D:2      | Killed Jessica
   998 | D:2      | Reached XP level 4. HP: 38/44 MP: 3/3
  1115 | D:2      | Noticed Terence
  1125 | D:2      | Killed Terence
  1316 | D:3      | Reached skill level 5 in Throwing
  1328 | D:3      | Reached XP level 5. HP: 48/52 MP: 4/4
  1641 | D:3      | Found an iron altar of Okawaru.
  1649 | D:3      | Became a worshipper of Warmaster Okawaru
  1832 | D:3      | Found a bloodstained altar of Trog.
  2510 | D:4      | Noticed a phantom
  2550 | D:4      | Killed a phantom
  2550 | D:4      | Reached skill level 1 in Invocations
  2550 | D:4      | Reached XP level 6. HP: 58/61 MP: 5/5
  2585 | D:4      | Reached skill level 6 in Throwing
  2633 | D:4      | Reached * piety under Okawaru
  2817 | D:4      | Noticed Blork the orc
  2846 | D:4      | Killed Blork the orc
  2846 | D:4      | Reached XP level 7. HP: 48/67 MP: 7/7
  3046 | D:5      | Entered Level 5 of the Dungeon
  3197 | D:5      | Noticed Grinder
  3216 | D:5      | Paralysed by Grinder for 3 turns
  3226 | D:5      | Killed Grinder
  3226 | D:5      | Reached ** piety under Okawaru
  3226 | D:5      | Reached skill level 7 in Throwing
  3320 | D:5      | Reached XP level 8. HP: 78/78 MP: 9/9
  4050 | D:6      | Found a blossoming altar of Fedhas.
  4311 | D:6      | Reached skill level 8 in Throwing
  4585 | D:6      | Found a runed translucent door.
  4586 | D:6      | Noticed Crazy Yiuf
  5001 | D:6      | Killed Crazy Yiuf
  5063 | D:7      | Reached skill level 5 in Fighting
  5155 | D:7      | Found a staircase to the Ecumenical Temple.
  5189 | D:7      | Reached *** piety under Okawaru
  5226 | D:7      | Mangled by an orc warrior

Levels and vault maps discovered:
D:1:      dpeg_arrival_rooms_with_view, layout_basic
D:2:      layout_basic, minmay_pentomino_q4, uniq_jessica, uniq_terence
D:3:      minmay_diamond_boxcup, layout_basic, bloody_trog,
          lemuel_coloured_pillars_altar
D:4:      layout_rooms, first_ration, due_unseen_surprise, uniq_blork_the_orc
D:5:      layout_gridville, uniq_grinder
D:6:      layout_cave_pods, fedhas_altar_3, uniq_crazy_yiuf_cottage
D:7:      layout_loops_cross, minmay_temple_entry_hall, uniq_prince_ribbit1

Skill      XL: |  1  2  3  4  5  6  7  8 |
---------------+-------------------------+-----
Throwing       | 4 5 6 7 8 |  8.5
Fighting       | 2 3 4 5 |  5.1
Invocations    | 1 3 4 |  4.2
Dodging        | |  1.5
Stealth        | |  0.3
Evocations     | |  0.6

Action                   |  1- 3 |  4- 6 |  7- 9 || total
-------------------------+-------+-------+-------++-------
Melee: Whip              |   129 |   142 |   159 ||   430
Throw: Stone             |       |     7 |    11 ||    18
       Dart              |       |    25 |     5 ||    30
       Large rock        |       |       |     7 ||     7
       Throwing net      |       |       |     5 ||     5
  Use: Scroll            |     5 |     4 |     1 ||    10
 Stab: Sleeping          |     1 |       |     1 ||     2
  Eat: Chunk             |    15 |    17 |    16 ||    48
Armor: Robe              |    85 |    60 |    18 ||   163
       Animal skin       |       |       |    21 ||    21
Dodge: Dodged            |    98 |    96 |    59 ||   253

Table legend:
 A = Non-vault XP
 B = Vault XP
 C = Vault XP percentage of total XP
 D = Non-vault monster count
 E = Vault monster count
 F = Vault count percentage of total count
                 A         B        C        D         E       F
            +---------+---------+-------+---------+---------+-------
      Total |    1992 |     580 |  22.6 |      99 |      19 |  16.1
            +---------+---------+-------+---------+---------+-------
        D:1 |      34 |       6 |  15.0 |      22 |       2 |   8.3
        D:2 |      15 |      90 |  85.7 |       9 |       6 |  40.0
        D:3 |     109 |      77 |  41.4 |      23 |       8 |  25.8
        D:4 |     508 |      99 |  16.3 |      15 |       1 |   6.2
        D:5 |     306 |     267 |  46.6 |       6 |       1 |  14.3
        D:6 |     761 |      41 |   5.1 |      15 |       1 |   6.2
        D:7 |     259 |       0 |   0.0 |       9 |       0 |   0.0
            +---------+---------+-------+---------+---------+-------
